[Event "WR Chess Masters 2023"]
[Site "Chess.com"]
[Date "2023.02.24"]
[Round "8"]
[White "So, Wesley"]
[Black "Keymer, Vincent"]
[Result "0-1"]
[WhiteElo "2766"]
[BlackElo "2690"]
[ECO "C54"]
[EventDate "2023.??.??"]
[Annotator "rafael"]
[PlyCount "100"]
[Beauty "7012607877660"]
[EventType "swiss"]
[EventRounds "9"]
[TimeControl "5400+30"]

1.e4 e5 2.Nf3 Nc6 3.Bc4 Nf6 4.d3 Bc5 5.c3 a6 6.O-O Ba7 7.a4 O-O 8.h3 d6 9.Re1 h6 10.Nbd2 Be6 $5 {[%c_effect e6;square;e6;type;Interesting;persistent;true] This is an old idea that is making a comeback. In the beginning, players weren't afraid of getting their pawns doubled on the e-file. But later, playing Re8 (here or in similar positions) became the most reliable plan, with the idea to capture with the rook on e6. But the old idea is back in vogue and is being played in the most important tournaments.} ( 10...Re8 ) 11.Bxe6 fxe6 {To be honest, I think this position will appear to be comfortable for Black for most amateur players, as it's simply easier to play with the black pieces. Black dominates the f-file, can play Nh5-f4, and so on. Unfortunately, life is not easy for those at the top, so White can still pose some problems in elite games.} 12.b4 Ne7 $5 {[%c_effect e7;square;e7;type;Interesting;persistent;true] An interesting idea, bringing the knight to the kingside.} ( 12...Qe8 {This position was played in the Candidates Tournament last year.} 13.Nf1 Nh5 14.Ra2 Nf4 15.Kh2 Qf7 16.Be3 Bxe3 17.Nxe3 Kh8 {with an equal position in Firouzja-Radjabov, Candidates Tournament Madrid 2022.} ) ( 12...Nh5 {is also very natural.} 13.Ra2 Qf6 14.Nc4 b5 15.Ne3 Bb6 16.Ng4 {White was better in Anand-Carlsen, Stavanger 2017.} ) 13.Nf1 Ng6 14.Ra2 {This is a classic prophylactic move in these positions, defending the f2-pawn and preparing to bring the rook into play. In his postgame interview, Keymer didn't seem convinced that this move was the most accurate.} 14...d5 $1 {[%c_effect d5;square;d5;type;GreatFind;persistent;true] Fighting for central control.} 15.Ng3 ( 15.exd5 Nxd5 {leads to a sharp game, where Black's activity compensates for the doubled pawns. Keymer, evidently, had all this prepared.} ) 15...c6 16.a5 {The first new move.} ( 16.d4 {led to an equal position after} 16...exd4 17.cxd4 dxe4 18.Nxe4 Nxe4 19.Rxe4 Rf6 20.Rae2 Qd5 21.Qc2 Raf8 {Vodicka-Csiba, ICCF email 2020.} ) ( 16.exd5 cxd5 17.Nxe5 Nxe5 18.Rxe5 Qc7 19.d4 Qxc3 20.Rxe6 Qxd4 21.Qxd4 Bxd4 {with an equal endgame.} ) 16...Rc8 $1 {[%c_effect c8;square;c8;type;GreatFind;persistent;true] The start of a nice plan to activate the rook.} 17.c4 ( 17.d4 {leads to an equal position, similar to the one analyzed a move before.} ) 17...Rc7 $1 18.exd5 $6 {[%c_effect d5;square;d5;type;Inaccuracy;persistent;true] This is a very difficult move to understand, as it improves Black's pawn structure. Of course, So knows this. He must have thought of some tactical reason that didn't work out in the game. The computer isn't as critical of this move, but what the machine can't see is what I call the \"human factor\": This move makes the position much harder for a human to play with White, even if the objective assessment points to equality.} ( 18.c5 Rcf7 19.Nh2 {with an equal game.} ) 18...exd5 19.c5 $6 ( 19.b5 $5 {[%c_effect b5;square;b5;type;Interesting;persistent;true] this is a computer move that probably didn't cross the mind of both players. The point is} 19...axb5 20.cxb5 cxb5 21.Nxe5 {Now this move is possible.} 21...Nxe5 22.Rxe5 Bd4 23.Ree2 {with a balanced position.} ) ( 19.Rae2 {is also possible:} 19...Rcf7 20.d4 $1 e4 21.Ne5 Nxe5 22.dxe5 Nd7 23.cxd5 Nxe5 24.Nxe4 cxd5 25.Nc5 {with equality.} ) 19...Re7 20.Nf5 ( 20.h4 $5 {[%c_effect h4;square;h4;type;Interesting;persistent;true] With the idea of playing h4-h5, is a way to complicate the game, although Black is better after} 20...e4 21.dxe4 dxe4 22.Nd4 Bb8 ) 20...Re6 21.N3d4 $2 ( 21.N3h4 $1 {[%c_effect h4;square;h4;type;GreatFind;persistent;true] This was the last chance to fight for equality.} 21...Nxh4 22.Nxh4 Rfe8 ( 22...Bb8 23.f4 $1 ) 23.Rae2 Bb8 24.f4 $1 {[%c_effect f4;square;f4;type;GreatFind;persistent;true] An important move. The position is complicated, but I still prefer Black after} 24...e4 ) ( 21.Nd6 $6 Ne8 ( 21...Qe7 {was mentioned by Keymer in the postgame interview and is also good.} ) 22.Nxb7 Qd7 23.Nd6 Nxd6 24.cxd6 Ref6 {Black is ready for a decisive exchange sacrifice on f3.} ) 21...Ree8 22.Nb3 Qd7 23.Nd6 Re6 24.Rae2 Ne8 $1 {[%c_effect e8;square;e8;type;GreatFind;persistent;true] It's necessary to remove the intruding knight.} ( 24...Bb8 $6 25.f4 $1 ) 25.Nxe8 Qxe8 26.g3 Bb8 {Black has an overwhelming advantage. On the board, we have a textbook example of everything that could go wrong for White: A bad pawn structure with no breaks in the queenside. A knight out of play. A bad bishop. An unsafe king. Given the circumstances, it's almost a miracle that the game lasted as long as it did. Keymer could have been more direct in developing the attack, but he didn't lose control of the game.} 27.Re3 Qf7 28.Rf1 Rf6 29.Re2 Nh4 ( 29...e4 $1 {[%c_effect e4;square;e4;type;GreatFind;persistent;true] is overwhelming:} 30.dxe4 Bxg3 $1 {[%c_effect g3;square;g3;type;GreatFind;persistent;true] with a decisive attack.} ) 30.Nd2 Qg6 ( 30...Nf3+ 31.Nxf3 Rxf3 {Despite the exchange of knights, the position is still a massacre for Black.} ) 31.Re3 Nf5 ( 31...e4 $5 32.dxe4 Bf4 $1 33.Ra3 dxe4 {With many threats, especially that of a fatal break with e4-e3.} ) 32.Rf3 Re6 ( 32...Nd4 33.Re3 ( 33.Rxf6 Rxf6 {The d3-pawn is doomed.} ) 33...h5 $5 {[%c_effect h5;square;h5;type;Interesting;persistent;true] Reinforcing the attack with h5-h4.} ) 33.Re1 Rfe8 34.Nf1 e4 35.dxe4 dxe4 36.Ra3 Nh4 37.Nh2 e3 $1 38.Raxe3 Bxg3 {This is the point of the previous move.} 39.Ng4 $1 {[%c_effect g4;square;g4;type;GreatFind;persistent;true] The only move to keep fighting.} ( 39.fxg3 $2 Rxe3 40.Rxe3 Rxe3 41.Bxe3 Qxg3+ $19 ) 39...Rxe3 40.Rxe3 ( 40.Bxe3 Qe4 $1 ) 40...Rxe3 41.Nxe3 Bf4+ 42.Qg4 ( 42.Kf1 {is a better try.} ) 42...Nf3+ ( 42...Qe4 $1 {[%c_effect e4;square;e4;type;GreatFind;persistent;true] is more precise. The knight is coming to f3, and if White captures it, then:} 43.Qxh4 Bh2+ {wins the queen.} ) 43.Kg2 Qxg4+ 44.hxg4 Ne1+ 45.Kf1 Nd3 {White managed to avoid mate, but the weakness of the pawns on the queenside is felt.} 46.Bd2 Ne5 47.Ke2 ( 47.Nc4 Bxd2 48.Nxd2 Nxg4 {The knight endgame is easily winning.} ) 47...Bxe3 48.Kxe3 Nxg4+ 49.Kf4 ( 49.Kf3 h5 $19 ) 49...Nxf2 50.Ke5 h5 0-1

[Event "WR Chess Masters 2023"]
[Site "Chess.com"]
[Date "2023.02.25"]
[Round "9"]
[White "Keymer, Vincent"]
[Black "Nepomniachtchi, Ian"]
[Result "0-1"]
[WhiteElo "2690"]
[BlackElo "2793"]
[ECO "E61"]
[EventDate "2023.??.??"]
[Annotator "rafael"]
[PlyCount "164"]
[Beauty "5223393281580"]
[EventType "swiss"]
[EventRounds "9"]
[TimeControl "5400+30"]

1.d4 Nf6 2.c4 g6 3.Nf3 Bg7 4.e3 {This shy move is used by some elite chess players as an Anti-Grunfeld weapon.} 4...O-O 5.Be2 d6 ( 5...d5 6.cxd5 Nxd5 7.e4 {This is the idea. Black doesn't have the option of taking a knight on c3, as he normally does.} ) ( 5...c5 6.d5 {This leads to a Benoni-type position, which is not to everyone's taste.} ) 6.Nc3 Nbd7 {Nepomniachtchi plays in typical King's Indian style, putting the knight on d7 and then playing e5. It can't be too bad.} 7.h3 {The game will quickly take an original course. I think Keymer's idea was to postpone castling and thus make the e5-e4 advance less pleasant for Black.} ( 7.O-O {This is the most common move, here and on the next move.} ) 7...e5 8.b4 exd4 {A new move.} ( 8...c6 {was played in Finckh-Hinteregger, Wallersee 2010.} ) ( 8...Re8 9.Bb2 {and White can keep the plan of delaying castling.} ) 9.exd4 d5 $1 10.O-O {White cannot avoid the isolated pawn structure.} ( 10.c5 $6 a5 11.b5 Nxc5 $1 12.dxc5 Ne4 13.Nxe4 dxe4 {Both the knight and the rook are under attack, and Black has a clear advantage.} ) ( 10.cxd5 Nb6 ) 10...dxc4 11.Bxc4 Nb6 12.Bb3 Nbd5 13.Nxd5 Nxd5 {Black equalized without any problems and, in practice, his position is even a little more comfortable to play. White's opening strategy clearly didn't work. But the situation is not serious either. As is known from modern chess strategy, the isolated pawn is not as bad as was formerly believed.} 14.b5 a6 15.bxa6 Rxa6 16.Bg5 Qd6 17.Qd2 Be6 18.Rfe1 c6 {Both sides make natural moves, and the game remains balanced for a long time.} 19.Rab1 Raa8 20.Bh6 Rfe8 21.Bxg7 Kxg7 22.Re5 h6 23.Rbe1 f6 $1 {[%c_effect f6;square;f6;type;GreatFind;persistent;true] A curious pawn structure. It's important to remove the rook.} 24.R5e4 Bf7 25.Nh2 ( 25.Bxd5 $1 {[%c_effect d5;square;d5;type;GreatFind;persistent;true] I don't know if Keymer was still trying to win, but it was time to play for a draw and this move serves that purpose.} 25...Qxd5 26.Rxe8 Rxe8 27.Rxe8 Bxe8 28.Qb4 {White is active, and the draw is close.} ) 25...Rxe4 26.Rxe4 h5 $1 {[%c_effect h5;square;h5;type;GreatFind;persistent;true] Restricting the h2-knight and improving the pawn structure.} 27.Nf1 Rd8 28.Qe1 Rd7 29.Ne3 Nb6 ( 29...f5 {is an interesting move to force matters. The game becomes sharp, but equality is sustained.} 30.Re5 ( 30.Nc4 {leads to a slightly better endgame for Black after} 30...Qf6 31.Re5 Nf4 32.Nb6 $1 Rxd4 33.Re7 Re4 $1 34.Rxe4 Nd3 35.Nd7 $1 Nxe1 36.Nxf6 fxe4 37.Nxe4 Bxb3 38.axb3 Nc2 {A typical computer line with many blows for both sides.} ) 30...Nf4 31.Rxf5 $1 Bxb3 32.axb3 Qxd4 33.Rg5 Qf6 {The isolated pawn is gone, but Black gets activity and a queenside pawn majority.} ) 30.Qc3 Nd5 31.Qe1 Nc7 {Nepomniachtchi needs to win, so he is not interested in repeating moves.} 32.Bxf7 Rxf7 33.Nc2 {Giving room for the rook in case of f6-f5.} 33...Rd7 34.h4 Kf7 35.Qe3 Ne6 36.a3 Ng7 37.Qb3+ Qd5 38.Qd3 Ne6 39.Nb4 Qd6 40.Qb3 Re7 41.Nc2 Kf8 42.Qe3 Ng7 43.Rxe7 Qxe7 {The game is getting closer and closer to a draw.} 44.Qg3 Qe4 45.Qd6+ Kf7 46.Ne3 Qe7 47.Qb8 Qd7 48.a4 Ne6 49.Nc4 Ke7 50.Na5 {White's pieces are active and at this point it was hard to believe that Black could win this endgame.} 50...Nd8 51.Qf4 Qd6 52.Qe4+ Kf7 53.Qb1 Qc7 54.Qb4 Qe7 55.Qb3+ Kg7 56.Qb6 {Keymer probably saw no risk in allowing the check on e1, but 56.Kf1 is safer.} ( 56.Kf1 ) 56...Qe1+ 57.Kh2 Nf7 $1 {[%c_effect f7;square;f7;type;GreatFind;persistent;true] This move creates practical winning chances. Of course, it's dangerous to abandon the b7-pawn and leave White with a passed pawn, but it's possible to create a mating attack, and now Keymer needs to be careful.} 58.Nxb7 ( 58.d5 {defends the f2-pawn and is quite natural, but after} 58...Ne5 $1 59.Qxb7+ Kh6 {White need to find the only drawing move.} 60.Qb8 $1 {[%c_effect b8;square;b8;type;GreatFind;persistent;true] Surprisingly, Black has no more than a draw.} 60...Ng4+ 61.Kg3 Qc3+ ( 61...Qxf2+ 62.Kh3 ) 62.f3 Qe1+ 63.Kf4 Qd2+ 64.Kg3 {with perpetual check.} ) ( 58.Kg3 {is also enough for a draw, but again accurate play is necessary.} 58...g5 59.hxg5 ( 59.Nxb7 $2 gxh4+ $19 ) 59...h4+ 60.Kh2 $1 Nxg5 ( 60...fxg5 61.Nxb7 Qxf2 62.Qc7 g4 63.Nd8 $1 ) 61.Qxb7+ Kh6 62.Qxc6 Qxf2 63.Qc3 $1 h3 64.Qg3 Qxd4 65.Nb3 {with a draw.} ) 58...Qxf2 59.a5 $2 {[%c_effect a5;square;a5;type;Mistake;persistent;true] In fact, this is the only serious mistake of the game. In high-level chess, a single mistake can be fatal.} ( 59.Nd8 $1 Qxh4+ 60.Kg1 {The counterplay is enough for a draw, since the a-pawn is running fast.} ) 59...Qxh4+ 60.Kg1 Qe1+ 61.Kh2 g5 $1 {[%c_effect g5;square;g5;type;GreatFind;persistent;true] I believe that Keymer didn't see this move and believed that the game would end in perpetual check, but now White is lost. The excellent move played in the game brings the pawn to the attack but, above all, guarantees a refuge for the king on g6. The main plan of attack is Nh6-g4, and White has no defense.} 62.Qc7 ( 62.a6 Nh6 63.a7 Ng4+ 64.Kh3 Qh4# ) 62...Qh4+ 63.Kg1 Qxd4+ 64.Kf1 ( 64.Kh1 {is also not enough.} 64...Qd1+ 65.Kh2 Kg6 $1 {[%c_effect g6;square;g6;type;GreatFind;persistent;true] Preparing to bring the knight to e5.} 66.Qxc6 ( 66.a6 Ne5 {with decisive threats.} ) 66...Ne5 67.Qe8+ Kf5 68.Qc8+ Kf4 69.g3+ Ke4 70.Nc5+ Ke3 {The checks are finally over.} ) 64...Qd1+ 65.Kf2 Qd2+ 66.Kf1 g4 $1 {[%c_effect g4;square;g4;type;GreatFind;persistent;true] The pawn can also help the attack.} 67.a6 Qd3+ 68.Kf2 Kg6 ( 68...Qxa6 {This move is also possible, and I imagine it would be chosen by a fair amount of players, since it's natural to capture the passed pawn. But Nepomniachtchi likes to attack and is confident in his calculation ability.} ) 69.Qxc6 ( 69.a7 Qd4+ ) 69...Ne5 {The knight finally joins the party.} 70.Qc1 ( 70.Qe8+ Kg5 {The king hides easily from the checks.} 71.Qg8+ Kh4 ( 71...Kf4 ) ) 70...g3+ 71.Ke1 ( 71.Kg1 Qd4+ {ends in mate quickly.} ) 71...Qe4+ 72.Kf1 Qf5+ 73.Kg1 Qf2+ 74.Kh1 Qd4 $1 75.Qc5 Qh4+ 76.Kg1 {We can forgive Nepomniachtchi for not finding the most accurate way to checkmate, indicated by the machine:} 76...Nf3+ ( 76...Qa4 77.Qc1 Nf3+ $1 78.gxf3 Qd4+ 79.Kh1 Qh4+ 80.Kg1 Qh2+ 81.Kf1 Qf2# ) 77.Kf1 ( 77.gxf3 Qh2+ 78.Kf1 g2+ ) 77...Qh1+ 78.Ke2 Qxg2+ 79.Ke3 Qf2+ 80.Ke4 Ne5 $1 81.Qd5 ( 81.Qxf2 gxf2 82.a7 f1=Q 83.a8=Q Qd3+ 84.Kf4 Qf3# ) 81...Qf3+ 82.Kd4 Nc6+ ( 82...Nc6+ 83.Kc5 Qxd5+ 84.Kxd5 g2 85.Kxc6 g1=Q ) 0-1

[Event "E Women's Candidates Tournament 2022"]
[Site "Chess.com"]
[Date "2023.03.31"]
[Round "3"]
[White "Tan, Zhongyi"]
[Black "Lei, Tingjie"]
[Result "1/2-1/2"]
[WhiteElo "2526"]
[BlackElo "2545"]
[ECO "D32"]
[EventDate "2023.??.??"]
[Annotator "rafael"]
[PlyCount "80"]
[Beauty "6116838740998"]
[EventType "game"]
[EventCountry "FID"]
[TimeControl "5400+30"]

1.d4 d5 2.c4 e6 3.Nc3 c5 4.cxd5 exd5 5.Nf3 Nc6 6.dxc5 ( 6.g3 {is by far the main move and leads to the main line of the Tarrasch Defense.} ) 6...d4 7.Na4 Bxc5 8.Nxc5 Qa5+ 9.Bd2 Qxc5 10.b4 ( 10.Rc1 {is the most popular move.} ) 10...Qb6 {A solid move, but Black has other interesting choices.} ( 10...Qf5 11.Rc1 Nf6 12.Rc5 {was played in Ding-Bai, Hangzhou 2022.} ) ( 10...Nxb4 $5 {This seems risky, but White has been unable to prove an advantage.} 11.Rc1 Qd6 ( 11...Qe7 12.Qa4+ Nc6 13.Nxd4 Qe4 14.e3 Bd7 {This position was played in some correspondence games, all of them ended in a draw.} ) 12.e3 $1 Ne7 ( 12...dxe3 {Even this move, which apparently walks right into a trap, is possible.} 13.Bc3 $1 Qxd1+ 14.Kxd1 {The knight and the pawn on g7 are attacked, but the fight is not over.} 14...Nxa2 15.Bxg7 Nxc1 16.Kxc1 Bd7 17.fxe3 Rc8+ 18.Kd2 f6 19.Bxh8 Kf7 20.Bd3 Ne7 {After this crazy sequence, the bishop is trapped, and Black has good drawing chances.} ) 13.Nxd4 O-O {Black's advantage in development compensates White's bishop pair.} ) 11.Qa4 a6 12.e3 dxe3 13.fxe3 Rb8 14.b5 axb5 15.Qxb5 Qxb5 16.Bxb5 Nf6 {All of this was played quickly, so I suppose both players were still on preparation territory.} ( 16...Bd7 17.Bc3 Nf6 18.Bxf6 gxf6 19.O-O Ke7 {Black held his higher-rated opponent to a draw in Shevchenko-Song, Biel 2015.} ) 17.Ne5 {A new move.} ( 17.Bc3 {was played in some correspondence games. The most recent continued:} 17...O-O 18.Bxf6 gxf6 19.a4 Be6 {with the inevitable draw in Susla-Martin, email 2019.} ) 17...O-O $1 {Played after some thought. This is an excellent pawn sacrifice that gives Black good compensation.} ( 17...Bd7 $6 {Trying to hold the pawn is worse. White has a positional advantage, with a pair of bishops against a pair of knights.} 18.Nxd7 Nxd7 19.Ke2 ) 18.Nxc6 {Tan took a long time before playing this move. She was certainly considering whether to take on c6 with the knight or with the bishop.} ( 18.Bxc6 bxc6 19.Nxc6 Rb2 $1 {This is the clearest path to equality.} 20.Bc3 Rxg2 21.Ne7+ Kh8 22.Bxf6 gxf6 23.Nxc8 Rxc8 24.a4 Rcc2 25.a5 {The rooks execute a perpetual check, and the game ends in a draw.} ) 18...bxc6 19.Bxc6 Ba6 ( 19...Rb2 {is also good:} 20.Bc3 Rc2 21.Bxf6 Rxc6 22.Bd4 {Black has enough compensation for a draw. This is similar to what will happen later in the game.} ) 20.Bf3 {A good defensive move.} ( 20.Kf2 Rb2 {with excellent compensation.} ) 20...Rfe8 ( 20...Rb2 {Again this move is possible:} 21.Bc3 Rc2 {with an equal position.} ) 21.Kf2 Rb2 22.Rhd1 Ne4+ 23.Bxe4 {It's better to capture the knight immediately.} ( 23.Ke1 f5 {Black is very active and prepares f5-f4 next.} ( 23...Nxd2 24.Rxd2 Rxe3+ 25.Kd1 Rb8 {This also ends in a draw.} ) ( 23...Nc3 {is not so good after} 24.Rdc1 ) ) 23...Rxe4 24.Rab1 Reb4 $1 25.Rxb2 Rxb2 26.a4 {White is a pawn up, but with an active rook and the presence of opposite-colored bishops, Black has an easy draw.} 26...f5 27.Ke1 Bd3 28.a5 g5 29.Ra1 ( 29.Rc1 {doesn't change much. Black can exchange rooks or simply play 29...Ra2, with a draw in both cases.} 29...Ra2 ( 29...Rb1 ) ) 29...Rb1+ {The simplest. In endgames with opposite-colored bishops, one of the players tries to build a fortress while the other tries to break it. The game becomes schematic, and it's possible to calculate many moves ahead until reaching a mathematical conclusion. Of course, this isn't always easy to do, especially with little time left on the clock, as we saw in the dramatic second game of the match.} 30.Rxb1 Bxb1 31.Bb4 Be4 32.g3 g4 33.Kd2 Kf7 34.Kc3 Ke6 35.Kd4 Kd7 {A curious move. The result doesn't change, but normally the simplest plan is to follow the white king without letting it penetrate the position, for example:} ( 35...Bf3 36.a6 Be4 37.a7 Bf3 38.Kc5 Kd7 {with a simple fortress.} ) 36.a6 Kc6 37.Bc5 Kb5 38.a7 Ka6 39.Ke5 Kb7 {White has no winning plan available since the h7-pawn cannot be captured.} 40.Kd6 ( 40.Kf6 Ka8 41.Kg7 Kb7 42.Kxh7 $4 {This even loses after} 42...f4+ 43.Kh6 f3 ) 40...Bd3 1/2-1/2